 Dungeon Crawl Stone Soup version 0.29.1-4-g47bece8355 (webtiles) character file.

Game seed: 14071396970646412450

7409 wingedge the Spear-Bearer (level 11, -2/87 HPs)
             Began as a Human Wanderer on Dec 5, 2022.
             Was a Believer of Kikubaaqudgha.
             Slain by a two-headed ogre
             ... wielding a +0 giant spiked club
              (12 damage)
             ... on level 10 of the Dungeon.
             The game lasted 00:49:50 (10880 turns).

wingedge the Spear-Bearer (Human Wanderer)         Turns: 10880, Time: 00:49:51

Health: -2/87      AC: 11    Str: 15    XL:     11   Next: 36%
Magic:  11/18      EV: 13    Int: 12    God:    Kikubaaqudgha [**....]
Gold:   626        SH:  0    Dex: 15    Spells: 6/20 levels left

rFire   + . .      SeeInvis .   a - +4 scythe (freeze)
rCold   . . .      Faith    .   (shield currently unavailable)
rNeg    . . .      Spirit   .   b - +0 leather armour {rF+}
rPois   +          Reflect  .   (no helmet)
rElec   .          Harm     .   y - +1 cloak
rCorr   .          Rampage  .   (no gloves)
Will    .....                   o - +0 pair of boots
Stlth   ++........              (no amulet)
HPRegen 0.24/turn               j - ring of poison resistance
MPRegen 0.16/turn               p - +4 ring of protection

@: mighty, animating dead, very slightly contaminated
A: no striking features
a: Renounce Religion, Unearth Wretches


You were on level 10 of the Dungeon.
You worshipped Kikubaaqudgha.
Kikubaaqudgha was pleased with you.
You visited 2 branches of the dungeon, and saw 11 of its levels.

You collected 626 gold pieces.

Inventory:

Hand Weapons
 a - a +4 scythe of freezing (weapon)
 J - a +2 trident of freezing
Missiles
 h - 45 poisoned darts (quivered)
 v - a curare-tipped dart
 A - 8 boomerangs
Armour
 b - a +0 leather armour of fire resistance (worn)
 o - a +0 pair of boots (worn)
 y - a +1 cloak (worn)
 B - a +0 chain mail of cold resistance
 D - a +2 kite shield
Magical Staves
 c - a staff of conjuration
Jewellery
 j - a ring of poison resistance (left hand)
 n - an amulet of faith
 p - a +4 ring of protection (right hand)
 C - a ring of magical power
Wands
 u - a wand of iceblast (2)
 E - a wand of flame (23)
 I - a wand of quicksilver (6)
 M - a wand of charming (8)
Scrolls
 d - a scroll of immolation
 i - a scroll of silence {unknown}
 s - 2 scrolls of teleportation
 t - a scroll of butterflies {unknown}
 F - a scroll of magic mapping
 H - 4 scrolls of vulnerability
 K - 2 scrolls of poison
 L - a scroll of torment
Potions
 e - a potion of brilliance
 f - a potion of resistance {unknown}
 g - 2 potions of lignification
 l - 2 potions of might
 m - 5 potions of curing
 q - 5 potions of mutation
 r - a potion of attraction {unknown}
 w - a potion of cancellation {unknown}
 x - 3 potions of heal wounds


   Skills:
 + Level 8.4 Fighting
 - Level 3.0(3.3) Short Blades
 - Level 2.0(2.8) Long Blades
 + Level 9.1 Polearms
 + Level 6.5 Armour
 + Level 4.0 Dodging
 - Level 2.0 Stealth
 + Level 5.2 Spellcasting
 + Level 5.7 Necromancy
 + Level 2.1 Transmutations
 - Level 2.0 Evocations


You had 6 spell levels left.
You knew the following spells:

 Your Spells              Type           Power      Damage    Failure   Level
a - Vampiric Draining     Necr           16%        2d7       7%          3
b - Animate Dead          Necr           16%        N/A       22%         4
c - Dispel Undead         Necr           16%        3d10      22%         4
d - Beastly Appendage     Tmut           16%        N/A       10%         1
e - Wereblood             Tmut           8%         N/A       14%         2

Your spell library contained the following spells:

 Spells                   Type           Power      Damage    Failure   Level
 Necrotise                Necr           64%        1d7       2%          1
 Sting                    Tmut/Pois      20%        1d4       16%         1
 Passwall                 Tmut/Erth      4%         N/A       22%         2
 Shock                    Conj/Air       12%        1d3       24%         1
 Ensorcelled Hibernation  Hex/Ice        6%         N/A       34%         2
 Poisonous Vapours        Pois/Air       6%         N/A       34%         2
 Static Discharge         Conj/Air       3%         3-4/arc   34%         2
 Spider Form              Tmut/Pois      5%         N/A       41%         3
 Summon Guardian Golem    Hex/Summ       3%         N/A       56%         3
 Swiftness                Air            3%         N/A       56%         3
 Anguish                  Hex/Necr       5%         N/A       56%         4
 Airstrike                Air            1%         2d(1-17)  93%         4
 Olgreb's Toxic Radiance  Pois           3%         N/A       93%         4
 Sticky Flame             Conj/Fire      3%         2d3       93%         4
 Orb of Destruction       Conj           1%         9d5       100%        7
 Spellforged Servitor     Conj/Summ      1%         N/A       100%        7


Dungeon Overview and Level Annotations

Branches:
Dungeon (10/15)            Temple (1/1) D:5            Lair (0/5) D:10
    Orc: D:9-12

Altars:
Cheibriados
Dithmenos
Hepliaklqana
Kikubaaqudgha
Makhleb
Okawaru
Qazlal
Ru
Sif Muna
Trog
Uskayaw
Vehumet
Xom
Yredelemnul
Zin
The Shining One

Shops:
D:9 :

Annotations:
D:9 3 runed translucent doors


Message History

Casting: Animate Dead (dangerous; 22% risk of failure)
Confirm with . or Enter, or press ? or * to list all spells.
You call upon the dead to rise.
The gnoll bouda barks out a call to the hunt!
The gnoll picks up the pace!
The gnoll hits you from afar with a +0 spear.
Casting: Animate Dead (dangerous; 22% risk of failure)
Confirm with . or Enter, or press ? or * to list all spells.
Okay, then.
You hit the gnoll bouda but do no damage.
The gnoll bouda is moderately wounded.
The gnoll bouda closely misses you. The gnoll barely misses you.
You feel very mighty all of a sudden.
The gnoll bouda hits you with a +0 club!
The two-headed ogre closely misses you.
The two-headed ogre hits you with a +0 giant spiked club!
The gnoll misses you.
You slash the two-headed ogre! You freeze the two-headed ogre.
The two-headed ogre is moderately wounded.
The gnoll bouda barks out a call to the hunt!
The gnoll hits you from afar with a +0 spear.
The two-headed ogre completely misses you.
The two-headed ogre barely misses you.
You slash the two-headed ogre! You freeze the two-headed ogre.
The two-headed ogre is heavily wounded.
The gnoll bouda hits you but does no damage.
The gnoll barely misses you.
You puncture the two-headed ogre! You freeze the two-headed ogre.
The two-headed ogre is severely wounded.
The gnoll bouda hits you with a +0 club.
The two-headed ogre hits you with a +0 giant spiked club!! x2
* * * LOW HITPOINT WARNING * * *
The gnoll closely misses you. The gnoll barely misses you.
Okay, then.
You puncture the two-headed ogre! You freeze the two-headed ogre.
The two-headed ogre is almost dead.
The gnoll bouda closely misses you. The gnoll closely misses you. x2
The two-headed ogre hits you with a +0 giant spiked club!
You die...
Kikubaaqudgha rasps: "You have failed me!
Welcome... death!"

#.# #.<#### #..#..
#..... .. . ##.$.#
#.# ...#..g.###
#.##
#.....gO..########
#.. #g@.........##
#.
#.g###..#####..# #
## #### #..# ##
#..# ###.
#.####...
#.##.P..P
#...P..P.
#.....P..
#....P..P


You could see a two-headed ogre, a gnoll bouda and 3 gnolls.

Vanquished Creatures
  A boulder beetle (D:9)
  2 two-headed ogres
  A hornet (D:9)
  Prince Ribbit (D:6)
  A shadow (D:9)
  A yak (D:10)
  Sigmund (D:3)
  2 wyverns
  Eustachio (D:4)
  3 steam dragons
  5 water moccasins
  An ice beast (D:6)
  2 black bears (D:10)
  2 sky beasts (D:7)
  2 ogres (D:6)
  2 centaurs
  5 kobold brigands
  Blork the orc (D:6)
  6 bullfrogs
  A gnoll sergeant (D:8)
  2 necrophages (D:7)
  3 scorpions
  4 wights (D:8)
  8 killer bees (D:9)
  5 hounds
  3 jellies
  3 orc priests
  Crazy Yiuf (D:3)
  Ijyb (D:3)
  Terence (D:3)
  Natasha (twice) (D:2)
  An iguana (D:6)
  5 orc wizards
  A mummy (D:5)
  5 gnolls (D:8)
  5 adders
  3 shadow imps
  A worm (D:4)
  A dart slug (D:1)
  21 orcs
  6 bats
  8 endoplasms
  3 giant cockroaches
  11 goblins
  6 hobgoblins
  9 jackals
  21 kobolds
  4 quokkas
  5 ball pythons (D:1)
  3 frilled lizards
  2 hobgoblin zombies (D:5)
  2 orc zombies (D:5)
  2 rats
  A spectral orc (D:5)
200 creatures vanquished.

Vanquished Creatures (collateral kills)
  A centaur (D:10)
  Natasha (D:2)
  An orc (D:10)
  2 kobolds (D:9)
5 creatures vanquished.

Vanquished Creatures (others)
  A centaur zombie (D:10)
  A bullfrog zombie (D:10)
  A steam dragon zombie (D:9)
  31 fungi (D:10)
  36 plants
70 creatures vanquished.

Grand Total: 275 creatures vanquished

Notes
Turn   | Place    | Note
-------+----------+-------------------------------------------
     0 | D:1      | wingedge the Human Wanderer began the quest for the Orb.
     0 | D:1      | wingedge set off with the following items: a +2 short
                  | sword, a +0 falchion, a +0 ring mail, a scroll of
                  | summoning.
     0 | D:1      | Reached XP level 1. HP: 19/19 MP: 1/1
   183 | D:1      | Reached skill level 1 in Stealth
   193 | D:1      | Reached XP level 2. HP: 19/25 MP: 2/2
   690 | D:1      | Reached XP level 3. HP: 27/30 MP: 3/3
  1344 | D:2      | Reached XP level 4. HP: 32/38 MP: 4/4
  1679 | D:2      | Noticed Natasha
  1704 | D:2      | Killed Natasha
  1705 | D:2      | Reached skill level 5 in Fighting
  1716 | D:2      | Noticed Natasha
  1732 | D:2      | Killed Natasha
  1733 | D:2      | Reached skill level 1 in Dodging
  1733 | D:2      | Reached XP level 5. HP: 8/44 MP: 5/5
  1735 | D:2      | Noticed Natasha
  2084 | D:2      | Killed Natasha
  2466 | D:3      | Noticed Sigmund
  2478 | D:3      | Killed Sigmund
  2479 | D:3      | Reached XP level 6. HP: 47/52 MP: 6/6
  2752 | D:3      | Noticed Ijyb
  2780 | D:3      | Killed Ijyb
  2781 | D:3      | Reached skill level 1 in Polearms
  2986 | D:3      | Found a faded altar of an unknown god.
  3391 | D:3      | Noticed Terence
  3403 | D:3      | Killed Terence
  3809 | D:3      | Found a runed translucent door.
  3810 | D:3      | Noticed Crazy Yiuf
  3819 | D:3      | Killed Crazy Yiuf
  3820 | D:3      | Reached skill level 2 in Polearms
  3820 | D:3      | Reached XP level 7. HP: 46/58 MP: 7/7
  4013 | D:4      | Noticed Eustachio
  4021 | D:4      | Killed Eustachio
  4022 | D:4      | Reached skill level 3 in Polearms
  4216 | D:4      | Reached skill level 4 in Polearms
  4640 | D:5      | Entered Level 5 of the Dungeon
  4642 | D:5      | Found a basalt altar of Yredelemnul.
  4982 | D:5      | Found a staircase to the Ecumenical Temple.
  5000 | Temple   | Entered the Ecumenical Temple
  5034 | Temple   | Became a worshipper of Kikubaaqudgha
  5070 | D:5      | Reached skill level 1 in Evocations
  5072 | D:5      | Reached XP level 8. HP: 57/64 MP: 8/8
  5075 | D:5      | Reached skill level 5 in Polearms
  5269 | D:5      | Noticed a wyvern
  5272 | D:5      | Killed a wyvern
  5273 | D:5      | Reached skill level 6 in Polearms
  5525 | D:6      | Noticed Blork the orc
  5546 | D:6      | Killed Blork the orc
  5679 | D:6      | Reached skill level 7 in Polearms
  5840 | D:6      | Reached skill level 1 in Necromancy
  5888 | D:6      | Reached skill level 1 in Spellcasting
  5914 | D:6      | Reached XP level 9. HP: 69/69 MP: 9/11
  6124 | D:6      | Found a glowing golden altar of the Shining One.
  6248 | D:6      | Noticed Prince Ribbit
  6255 | D:6      | Killed Prince Ribbit
  6507 | D:6      | Found a glowing silver altar of Zin.
  6810 | D:7      | Noticed a two-headed ogre
  6817 | D:7      | Killed a two-headed ogre
  6818 | D:7      | Reached skill level 8 in Polearms
  6818 | D:7      | Reached XP level 10. HP: 40/79 MP: 14/14
  6827 | D:7      | Reached skill level 5 in Armour
  7002 | D:7      | Reached * piety under Kikubaaqudgha
  7002 | D:7      | Received a gift from Kikubaaqudgha
  8889 | D:9      | Noticed a boulder beetle
  8907 | D:9      | Killed a boulder beetle
  8907 | D:9      | Reached ** piety under Kikubaaqudgha
  9304 | D:9      | Found a runed translucent gate.
  9304 | D:9      | Found a runed translucent gate.
  9304 | D:9      | Found a runed translucent gate.
  9305 | D:9      | Noticed a cyan ugly thing
  9305 | D:9      | Noticed a brown ugly thing
  9305 | D:9      | Noticed a cyan ugly thing
  9305 | D:9      | Noticed a brown ugly thing
  9306 | D:9      | Noticed a brown ugly thing
  9313 | D:9      | Noticed a faun
  9313 | D:9      | a merfolk changed into a faun
  9326 | D:9      | Found Codot's Vocational Training.
  9359 | D:9      | Reached skill level 5 in Necromancy
  9705 | D:9      | Reached XP level 11. HP: 73/86 MP: 17/17
  9971 | D:9      | Learned a level 3 spell: Vampiric Draining
  9976 | D:9      | Learned a level 4 spell: Animate Dead
  9981 | D:9      | Learned a level 4 spell: Dispel Undead
  9983 | D:9      | Learned a level 1 spell: Beastly Appendage
  9986 | D:9      | Learned a level 2 spell: Wereblood
  9994 | D:9      | Found a hide-covered altar of Uskayaw.
 10473 | D:9      | Noticed a mana viper
 10474 | D:9      | Noticed a two-headed ogre
 10474 | D:9      | a mana viper changed into a two-headed ogre
 10477 | D:9      | Noticed a sea snake
 10477 | D:9      | a two-headed ogre changed into a sea snake
 10502 | D:10     | Entered Level 10 of the Dungeon
 10502 | D:10     | Found a stormy altar of Qazlal.
 10550 | D:10     | Reached skill level 9 in Polearms
 10550 | D:10     | Reached skill level 1 in Transmutations
 10552 | D:10     | Noticed a two-headed ogre
 10568 | D:10     | Reached skill level 5 in Spellcasting
 10577 | D:10     | Killed a two-headed ogre
 10735 | D:9      | Noticed a deep troll
 10736 | D:9      | Noticed a steelbarb worm
 10736 | D:9      | a deep troll changed into a steelbarb worm
 10739 | D:9      | a steelbarb worm changed into a slime creature
 10776 | D:10     | Found a staircase to the Lair.
 10872 | D:10     | Noticed a two-headed ogre
 10880 | D:10     | Slain by a two-headed ogre

Illustrated notes

Levels and vault maps discovered:
D:1:      lightli_arrival_windingriver, layout_basic,
          chequers_serial_rivers_small_a, grunt_decor_resistance,
          minmay_nonomino_d4
D:2:      layout_basic, uniq_natasha
D:3:      layout_basic, basic_ecumenical_altar, uniq_sigmund, uniq_ijyb,
          uniq_terence, uniq_crazy_yiuf_cottage
D:4:      layout_cave_pools, serial_bayou, serial_bayou_ford_a,
          serial_bayou_pond_b, serial_bayou_pond_e, serial_bayou_pond_c,
          minmay_fractal_squares_5, uniq_eustachio
D:5:      layout_basic, yredelemnul_forgotten_temple_becter,
          minmay_temple_entry_gardened_gates, minmay_mini_ossuary
D:6:      layout_gridville, tso_altar, general_overflow_altar,
          minmay_fractal_squares_diagonal_5, uniq_blork_the_orc,
          uniq_prince_ribbit1
D:7:      layout_basic
D:8:      layout_basic, nrook_mini_backslash
D:9:      layout_irregular_city, eat_drink_and_be_merry_uskayaw,
          ploomutoo_gammafunk_ghost_potion_laboratory, nicolae_shop_vocational
D:10:     layout_layer_cave, overflow_temple_1_default,
          nemelex_diamond_rough_becter, due_lair_maze_entry_diamond,
          grunt_decor_mini_mirrors
Temple:   nicolae_temple_bog_church

Skill      XL: |  1  2  3  4  5  6  7  8  9 10 11 |
---------------+----------------------------------+-----
Stealth        | 1 2 |  2.0
Fighting       | 5 6 7 8 |  8.4
Armour         | 2 3 4 6 |  6.5
Dodging        | 1 2 3 4 |  4.0
Polearms       | 2 4 7 8 9 |  9.1
Evocations     | 1 2 |  2.0
Necromancy     | 1 3 5 |  5.7
Spellcasting   | 1 3 4 5 |  5.2
Transmutations | 2 |  2.1
Short Blades   | |  3.0
Long Blades    | |  2.0

Action                   |  1- 3 |  4- 6 |  7- 9 | 10-12 || total
-------------------------+-------+-------+-------+-------++-------
Melee: Short sword       |   132 |    62 |       |       ||   194
       Punch             |       |     2 |       |       ||     2
       Dagger            |       |    81 |    14 |       ||    95
       Halberd           |       |       |   167 |   262 ||   429
       Mace              |       |       |    20 |       ||    20
       Headbutt          |       |       |       |     7 ||     7
       Kick              |       |       |       |     6 ||     6
Throw: Dart              |       |       |     3 |     5 ||     8
 Cast: Beastly Appendage |       |       |       |     5 ||     5
       Animate Dead      |       |       |       |     4 ||     4
       Vampiric Draining |       |       |       |     3 ||     3
Evoke: Wand              |       |     3 |    11 |     4 ||    18
  Use: Scroll            |       |     6 |     6 |    10 ||    22
       Potion            |       |     3 |     1 |     3 ||     7
 Stab: Sleeping          |     2 |     1 |       |     1 ||     4
Armor: Ring mail         |    54 |    44 |    11 |       ||   109
       Chain mail        |       |       |    90 |   131 ||   221
       Leather armour    |       |       |       |    13 ||    13
Dodge: Dodged            |    55 |    60 |    55 |   127 ||   297
